 Dungeon Crawl Stone Soup version 0.31-a0-986-g5e6e4ef867 (webtiles) character file.

Game seed: 7227494833309967033

219 timneilson the Ruffian (level 5, -1/35 HPs)
             Began as an Octopode Shapeshifter on Nov 12, 2023.
             Slain by a gnoll
             ... wielding a +0 spear
             ... led by a gnoll bouda
              (8 damage)
             ... on level 4 of the Dungeon.
             The game lasted 00:05:51 (2367 turns).

timneilson the Ruffian (Octopode Shapeshifter)      Turns: 2367, Time: 00:05:52

Health: -1/35      AC:  1    Str: 14    XL:     5   Next: 96%
Magic:  6/6        EV: 14    Int: 12    God:
Gold:   117        SH:  0    Dex: 15    Spells: 3/6 levels left

rFire   . .          .
                       - Unarmed
rCold   . . .        (no shield)
rNeg    . . .        (helmet currently unavailable)
rPois   .            (no amulet)
rElec   +            e - ring of Ixaegoli {rElec Will+ Str-2 Dex+4}
rCorr   +            g - ring of resist corrosion
SInv    .            (no ring)
Will    +....        (no ring)
Stlth   +++          (no ring)
HPRegen 0.25/turn    (no ring)
MPRegen 0.10/turn    (no ring)
                     (no ring)

%: no passive effects
@: beast-form, weakened
A: beast (slay +2), almost no armour, amphibious, 8 rings, camouflage 1,
gelatinous body 1, (nimble swimmer 1), tentacles
a: Begin Untransformation


You were on level 4 of the Dungeon.
You were a hulking beast.
You visited 1 branch of the dungeon, and saw 4 of its levels.

You collected 117 gold pieces.

Inventory:

Jewellery
 e - the ring of Ixaegoli (left tentacle) {rElec Will+ Str-2 Dex+4}
   (You acquired it on level 3 of the Dungeon)

   [ring of willpower]

   Str-2:     It affects your strength (-2).
   Dex+4:     It affects your dexterity (+4).
   rElec:     It insulates you from electricity.
   Will+:     It increases your willpower.
 g - a ring of resist corrosion (right tentacle)
Talismans
 b - a beast talisman
 c - a flux talisman
Wands
 h - a wand of roots (10)
Scrolls
 f - a scroll of fear {unknown}
 k - 2 scrolls of teleportation
Potions
 a - 3 potions of lignification
 d - a potion of curing
 j - a potion of heal wounds


   Skills:
 * Level 2.4 Fighting
 * Level 3.1 Dodging
 + Level 2.1 Stealth
 * Level 3.8 Unarmed Combat
 + Level 1.0 Spellcasting
 + Level 0.6 Air Magic
 + Level 1.0 Evocations
 * Level 3.7 Shapeshifting


You had 3 spell levels left.
You knew the following spells:

 Your Spells              Type           Power      Damage    Failure   Level
a - Swiftness             Air            2%         N/A       56%         3

Your spell library contained the following spells:

 Spells                   Type           Power      Damage    Failure   Level
 Shock                    Conj/Air       4%         1d3       26%         1
 Airstrike                Air            1%         2d(1-17)  92%         4


Dungeon Overview and Level Annotations

Branches:
Dungeon (4/15)
 Temple: D:4-7

Altars:
Uskayaw
Yredelemnul

Annotations:
D:3 2 runed translucent doors, timneilson's ghost, amateur OpSh


Innate Abilities, Weirdness & Mutations

You are a hulking beast.
Your limbs bulge with bestial killing power. (Slay +2)
You cannot wear most types of armour.
You are amphibious.
You can wear up to eight rings at the same time.
Your skin changes colour to match your surroundings (Stealth+).
Your rubbery body absorbs attacks. (AC +1, EV +1)
((You are camouflaged when in or above water. (Stealth+)))
You have tentacles for arms and can constrict up to eight enemies at once.


Message History

You squeeze the gnoll bouda.
The gnoll bouda is moderately wounded.
You constrict the gnoll bouda. The gnoll closely misses you.
The gnoll bouda hits you with a +0 whip!
You tentacle-slap the gnoll bouda but do no damage.
The gnoll bouda is moderately wounded.
Your attacks no longer feel as feeble.
You constrict the gnoll bouda, but do no damage.
The gnoll barely misses you.
The gnoll bouda gazes fiercely through you!
You feel your attacks grow feeble. The gnoll bouda barely misses you.
You tentacle-slap the gnoll bouda.
The gnoll bouda is moderately wounded.
You constrict the gnoll bouda.
The gnoll hits you from afar with a +0 spear!
The gnoll bouda closely misses you.
You tentacle-slap the gnoll bouda but do no damage.
You squeeze the gnoll bouda.
The gnoll bouda is heavily wounded.
You constrict the gnoll bouda, but do no damage.
The gnoll closely misses you.
The gnoll bouda gazes fiercely through you!
You feel as though you will be weak longer.
The gnoll bouda misses you.
You tentacle-slap the gnoll bouda.
The gnoll bouda is almost dead.
You constrict the gnoll bouda.
You kill the gnoll bouda!
The gnoll hits you from afar with a +0 spear.
The gnoll hits you with a +0 club!
* * * LOW HITPOINT WARNING * * *
Your Evocations skill increases to level 1!
The gnoll attacks as it pursues you! The gnoll misses you.
The gnoll attacks as it pursues you! The gnoll completely misses you.
The gnoll misses you. The gnoll closely misses you.
The gnoll attacks as it pursues you! The gnoll barely misses you.
The gnoll attacks as it pursues you!
The gnoll hits you from afar with a +0 spear!
You die...

..#..# #.#.#...#
#.#..# #.#.#...#
#.#..# #.....#.#
#.#.#########..#.#.#
..#.#.......#..#.#.#
.##.#.#._.#.#......#
....#.......#..#.###
.##..........###.#
.##....8.8......h#
.###.........##.g#
.# #.8.....8.##.g#
.# #....)....##..#
.# #.8.....8..#..# .
#.........)g..#
#...8.8...##..#
#.........##.....
..........g....###


You could see 3 gnolls.

Vanquished Creatures
  A gnoll bouda (D:4)
  An orc wizard (D:4)
  Ijyb (D:2)
  A gnoll (D:4)
  4 adders
  2 worms
  A dart slug (D:1)
  5 orcs
  3 ball pythons
  9 endoplasms
  2 giant cockroaches
  6 hobgoblins
  8 jackals
  5 kobolds
  2 quokkas
  8 bats
  3 frilled lizards
  11 goblins
  3 rats
76 creatures vanquished.

Notes
Turn   | Place    | Note
-------+----------+-------------------------------------------
     0 | D:1      | timneilson the Octopode Shapeshifter began the quest for
                  | the Orb.
     0 | D:1      | Reached XP level 1. HP: 13/13 MP: 1/1
   193 | D:1      | Reached XP level 2. HP: 12/18 MP: 2/2
   434 | D:1      | Reached XP level 3. HP: 23/23 MP: 3/3
   568 | D:1      | Reached skill level 1 in Stealth
   939 | D:2      | Learned a level 3 spell: Swiftness
  1042 | D:2      | Reached XP level 4. HP: 29/29 MP: 4/4
  1303 | D:2      | Noticed Ijyb
  1326 | D:2      | Killed Ijyb
  1536 | D:3      | Reached XP level 5. HP: 34/34 MP: 6/6
  1542 | D:3      | Found a runed translucent door.
  1563 | D:3      | Noticed timneilson's ghost (amateur OpSh)
  2055 | D:3      | Found a runed translucent door.
  2065 | D:3      | Identified a scroll of acquirement
  2065 | D:3      | Acquired the ring of Ixaegoli {rElec Will+ Str-2 Dex+4}
  2107 | D:4      | Reached skill level 1 in Spellcasting
  2168 | D:4      | Found a basalt altar of Yredelemnul.
  2265 | D:4      | Found a hide-covered altar of Uskayaw.
  2363 | D:4      | Reached skill level 1 in Evocations
  2367 | D:4      | Slain by a gnoll

Illustrated notes

Levels and vault maps discovered:
D:1:      ncdulo_watergridlock, layout_basic
D:2:      kennysheep_the_goblin_king, layout_basic
D:3:      layout_loops_cross, ebering_ghost_sewer_f, serial_bayou_lake_a
D:4:      layout_basic, mainiacjoe_overflow_catwalk, nicolae_uskayaw_dance_hall,
          serial_glass, glass_columns_c, glass_columns_c, due_unseen_surprise,
          item_on_display_a, guppyfry_shop_venom

Skill      XL: |  1  2  3  4  5 |
---------------+----------------+-----
Stealth        | 1 2 |  2.1
Fighting       | 2 |  2.4
Spellcasting   | 1 |  1.0
Dodging        | 3 |  3.1
Evocations     | 1 |  1.0
Unarmed Combat | |  3.8
Air Magic      | |  0.6
Shapeshifting  | |  3.7

Action                     |  1- 3 |  4- 6 || total
---------------------------+-------+-------++-------
  Melee: Unarmed           |    74 |    74 ||   148
         Constrict         |    16 |    20 ||    36
         Tentacles         |    18 |    13 ||    31
    Use: Scroll            |     2 |     8 ||    10
   Stab: Sleeping          |     8 |     9 ||    17
 Armour: Skin              |    31 |    27 ||    58
  Dodge: Dodged            |    34 |    35 ||    69

Table legend: (Time is in decaauts)
 A = Elapsed time spent in this place.
 B = Non-inter-level travel time spent in this place.
 C = Inter-level travel time spent in this place.
 D = Time resting spent in this place.
 E = Time spent auto-exploring this place.
 F = Levels seen in this place.
 G = Mean time per level.
                   A        B        C        D        E       F      G
               +--------+--------+--------+--------+--------+-----+--------+
         Total |   2355 |   2316 |     39 |     11 |   1670 |   4 |  588.8 |
       Dungeon |   2355 |   2316 |     39 |     11 |   1670 |   4 |  588.8 |
               +--------+--------+--------+--------+--------+-----+--------+

Top non-repeatable levels by time:
     D:1: 754 daAuts
     D:2: 723 daAuts
     D:3: 597 daAuts
     D:4: 280 daAuts
